 Dungeon Crawl Stone Soup version 0.21-a0-228-g14ccbf3 (webtiles) character file.

83 qqqbard the Skirmisher (level 4, -2/29 HPs)
             Began as a Gargoyle Fighter on Aug 31, 2017.
             Killed from afar by a white imp (13 damage)
             ... with a puff of frost
             ... summoned by Natasha
             ... on level 2 of the Dungeon.
             The game lasted 00:01:26 (1382 turns).

qqqbard the Skirmisher (Gargoyle Fighter)           Turns: 1382, Time: 00:01:27

Health: -2/29      AC: 11    Str: 21    XL:     4   Next: 44%
Magic:  13/13      EV:  8    Int:  8    God:
Gold:   106        SH:  9    Dex:  9    Spells: 3/3 levels left

rFire    . . .     SeeInvis .   a - +0 flail
rCold    . . .     Gourm    .   c - +0 shield
rNeg     + . .     Faith    .   b - +0 scale mail
rPois    ∞         Spirit   .   (no helmet)
rElec    +         Reflect  .   j - +0 cloak
rCorr    .         Harm     .   (no gloves)
MR       .....                  (no boots)
Stlth    ..........             (no amulet)
HPRegen  0.09/turn              h - ring of magical power
MPRegen  0.13/turn              (no ring)

@: slowed, very slow
A: negative energy resistance 1, electricity resistance, unbreathing,
petrification resistance, rot immunity, AC +3
a: no special abilities


You were on level 2 of the Dungeon.
You were not hungry.

You visited 1 branch of the dungeon, and saw 2 of its levels.

You collected 106 gold pieces.

Inventory:

Hand Weapons
 a - a +0 flail (weapon)
Armour
 b - a +0 scale mail (worn)
 c - a +0 shield (worn)
 j - a +0 cloak (worn)
Jewellery
 h - a ring of magical power (left hand)
Scrolls
 e - a scroll of blinking {unknown}
 k - a scroll of enchant weapon {unknown}
 o - 2 scrolls of identify {unknown}
 p - 2 scrolls of fog {unknown}
 t - a scroll of remove curse {unknown}
Potions
 d - 3 potions of might
 g - 2 potions of heal wounds {unknown}
 i - 3 potions of brilliance {unknown}
 l - 2 potions of curing {unknown}
 m - a potion of mutation {unknown}
 n - a potion of cancellation {unknown}
Comestibles
 f - a bread ration
 q - a meat ration
 r - 2 chunks of flesh
 s - 4 fruits


   Skills:
 * Level 4.0 Fighting
 * Level 2.8 Maces & Flails
 + Level 3.5 Armour
 + Level 1.2 Dodging
 + Level 3.7 Shields


You had 3 spell levels left.
You didn't know any spells.

Dungeon Overview and Level Annotations

Branches:
Dungeon (2/15)

Altars:

Annotations:
D:2 Natasha


Innate Abilities, Weirdness & Mutations

You are resistant to torment.
Your stone body is resilient. (AC +3)
You are immune to poison.
You resist negative energy. (rN+)
You are resistant to electric shocks. (rElec)
You can survive without breathing.
You are immune to petrification.
You are immune to rotting.


Message History

You feel yourself slow down. Natasha casts a spell at you.
You feel as though you will be slow longer.
Natasha casts a spell.
You miss Natasha.
Natasha mumbles some strange words.
The white imp barely misses you. You block Natasha's attack.
You hit Natasha.
Natasha is lightly wounded.
The white imp hits you but does no damage.
Natasha barely misses you. You block the iron imp's attack.
The white imp gestures at you. The puff of frost hits you! Natasha claws you.
You barely miss Natasha.
Natasha is lightly wounded.
The white imp gestures at you. The puff of frost hits you! Natasha claws you.
You block the iron imp's attack. The white imp gestures at you.
The puff of frost hits you!
You die...

....##.# ##..#
######.# #...#
#..#
#...########
#.##
#....#.....##
#.#
#...........##
# #.#
#............#
## #.#
#............#
.## #.#
####.........#
..###.#
#...@5....#
#...#.#
#...h5....#
##..#.#
##.....>.##
#....#
#.........#
##...##
#.........#
##...#
#.........#
#...####
#.........#
#......#
#.........#
#.##.#.#


You could see an iron imp, Natasha and a white imp.

Vanquished Creatures
  3 adders (D:2)
  2 oozes
  A worm (D:2)
  4 dart slugs
  A leopard gecko (D:2)
  5 giant cockroaches
  2 goblins
  4 hobgoblins
  3 jackals (D:1)
  A kobold (D:2)
  2 ball pythons
  3 bats
  2 frilled lizards (D:2)
  4 rats
37 creatures vanquished.

Notes
Turn   | Place    | Note
-------+----------+-------------------------------------------
     0 | D:1      | qqqbard the Gargoyle Fighter began the quest for the Orb.
     0 | D:1      | Reached XP level 1. HP: 14/14 MP: 1/1
   212 | D:1      | Reached XP level 2. HP: 17/19 MP: 2/2
   631 | D:1      | Reached XP level 3. HP: 18/23 MP: 3/3
   858 | D:2      | Reached skill level 1 in Dodging
  1035 | D:2      | Reached XP level 4. HP: 26/29 MP: 4/4
  1153 | D:2      | Reached skill level 4 in Fighting
  1376 | D:2      | Noticed Natasha
  1382 | D:2      | Killed from afar by a white imp

Vault maps used:
D:1:      dpeg_arrival_yet_another_circle
D:2:      uniq_natasha

Skill      XL: |  1  2  3  4 |
---------------+-------------+-----
Dodging        | 1 |  1.2
Fighting       | 4 |  4.0
Maces & Flails | |  2.8
Armour         | |  3.5
Shields        | |  3.7

Action                   |  1- 3 |  4- 6 || total
-------------------------+-------+-------++-------
Melee: Flail             |   109 |    69 ||   178
  Eat: Chunk             |     1 |     1 ||     2
Armor: Scale mail        |    75 |    38 ||   113
Dodge: Dodged            |    44 |    29 ||    73
Block: Shield            |    67 |    41 ||   108

Table legend:
 A = Spawn XP
 B = Non-spawn XP
 C = Spawn XP percentage of total XP
 D = Spawn monster count
 E = Non-spawn monster count
 F = Spawn count percentage of total count
 G = Total turns spent on level
                    A         B        C        D         E        F      G
               +---------+---------+-------+---------+---------+-------+---------
         Total |      23 |      96 |  19.3 |       5 |      32 |  13.5 |  1382
               +---------+---------+-------+---------+---------+-------+---------
           D:1 |       5 |      32 |  13.5 |       3 |      13 |  18.8 |   851
           D:2 |      18 |      64 |  22.0 |       2 |      19 |   9.5 |   531
               +---------+---------+-------+---------+---------+-------+---------
